 Dungeon Crawl Stone Soup version 0.28-a0-175-gb2089b6bb7 (webtiles) character file.

Game seed: 15116457984766095121

6 Arne the Conjurer (level 1, 0/21 HPs)
             Began as a Draconian Conjurer on Aug 17, 2021.
             Constricted to death by a ball python (1 damage)
             ... on level 2 of the Dungeon.
             The game lasted 00:07:59 (542 turns).

Arne the Conjurer (Draconian Conjurer)               Turns: 542, Time: 00:08:00

Health: 0/21       AC: 20    Str:  9    XL:     1   Next: 75%
Magic:  2/3        EV: -1    Int: 18    God:
Gold:   33         SH:  0    Dex:  9    Spells: 3/4 levels left

rFire   . . .      SeeInvis .   b - +0 great sword
rCold   . . .      Faith    .   (shield currently unavailable)
rNeg    + + +      Spirit   .   (armour unavailable)
rPois   +          Reflect  .   (helmet currently unavailable)
rElec   .          Harm     .   (cloak currently unavailable)
rCorr   .          Rampage  .   (gloves currently unavailable)
Will    .....      NoTele   +   (boots currently unavailable)
Stlth   ++........              (no amulet)
HPRegen 0.07/turn               (no ring)
MPRegen 0.08/turn               (no ring)

@: tree-form, constricted
A: stationary, stasis, torment immunity, boosted hp, AC +4, unfitting armour,
(cold-blooded)
a: no special abilities


You were on level 2 of the Dungeon.
You were a tree.
You visited 1 branch of the dungeon, and saw 2 of its levels.

You collected 33 gold pieces.

Inventory:

Hand Weapons
 b - a +0 great sword (weapon)
Armour
 f - a +0 tower shield
Scrolls
 a - a scroll of identify {unknown}
 c - a scroll of enchant weapon {unknown}
 e - 2 scrolls of teleportation {unknown}


   Skills:
 + Level 1.8 Dodging
 + Level 1.7 Stealth
 + Level 2.2 Spellcasting
 + Level 4.1 Conjurations


You had 3 spell levels left.
You knew the following spells:

 Your Spells              Type           Power      Damage    Failure   Level
a - Magic Dart            Conj           64%        1d6       3%          1

Your spell library contained the following spells:

 Spells                   Type           Power      Damage    Failure   Level
 Searing Ray              Conj           32%        3d4       4%          2
 Dazzling Flash           Conj/Hex       18%        N/A       22%         3
 Fulminant Prism          Conj/Hex       4%         3d6       58%         4
 Iskenderun's Mystic Bla  Conj/Tloc      9%         2d4       58%         4


Dungeon Overview and Level Annotations

Branches:
Dungeon (2/15)

Altars:


Innate Abilities, Weirdness & Mutations

You are a tree.
Your roots penetrate the ground, keeping you stationary.
You cannot be teleported.
You are immune to unholy pain and torment.
Your maximum health is greatly increased.
Your equipment is partially melded.
((Your plain brown scales are hard. (AC +4)))
You cannot fit into any form of body armour.
((You are cold-blooded and may be slowed by cold attacks.))


Message History

You don't know that spell.
You miss the adder.
The adder is almost dead.
The adder misses you.
The adder enters a dispersal trap!
The ball python blinks!
You blink.
The adder blinks!
You closely miss the adder.
The adder is almost dead.
The adder bites you.
You are lethally poisoned!
The adder poisons you! The adder closely misses you.
You barely miss the adder.
The adder is almost dead.
You feel very sick. The adder closely misses you. The adder misses you.
The ball python enters a dispersal trap!
The adder blinks! x2; You blink.
The ball python blinks!
* * * LOW HITPOINT WARNING * * *
You feel sick.
* * * LOW HITPOINT WARNING * * *
You feel sick.
The ball python enters a dispersal trap!
The adder blinks! x2; You blink.
The ball python blinks!
* * * LOW HITPOINT WARNING * * *
You feel sick.
It was a potion of lignification.
You turn into a tree.
Your roots penetrate the ground.
* * * LOW HITPOINT WARNING * * *
You feel sick.
You cannot move.
You cannot move.
You start resting.
* * * LOW HITPOINT WARNING * * *
You feel sick.
You are no longer poisoned.
The ball python enters a dispersal trap!
You feel a strange sense of stasis.
The ball python blinks!
You barely miss the ball python.
The ball python bites you but does no damage.
The ball python grabs you. The ball python constricts you.
You die...

############# #.# #.#.#
####.# #.#.#
#.##§###.#.#
+.##.....#.#
#.##.§####.# #.##..#
#.# #######.##§.# #.#
###.....#.##^.# #.#
.......S♣.....####.####
....###...###.........#
# ##### ###########


You could see a ball python.

Vanquished Creatures
  A goblin (D:1)
  2 jackals (D:1)
  A quokka (D:1)
  A rat (D:1)
5 creatures vanquished.

Notes
Turn   | Place    | Note
-------+----------+-------------------------------------------
     0 | D:1      | Arne the Draconian Conjurer began the quest for the Orb.
     0 | D:1      | Reached XP level 1. HP: 14/14 MP: 3/3
   541 | D:2      | HP: 1/21 [poisoned by an adder]
   542 | D:2      | Constricted to death by a ball python

Illustrated notes

Levels and vault maps discovered:
D:1:      scummos_arrival_forest, layout_basic
D:2:      layout_basic, shapermc_ecumenical_altar_flowoftime,
          hangedman_decor_peaks_small

Action                   || total
-------------------------++-------
Melee: Great sword       ||    22
       Tailslap          ||     3
 Cast: Magic Dart        ||    11
  Use: Potion            ||     1
Armor: Skin              ||    19
Dodge: Dodged            ||    46
       Rpst.: Great sword ||    11

Table legend: (Time is in decaauts)
 A = Elapsed time spent in this place.
 B = Non-inter-level travel time spent in this place.
 C = Inter-level travel time spent in this place.
 D = Time resting spent in this place.
 E = Time spent auto-exploring this place.
 F = Levels seen in this place.
 G = Mean time per level.
                   A        B        C        D        E       F      G
               +--------+--------+--------+--------+--------+-----+--------+
         Total |    556 |    556 |      0 |      0 |      0 |   2 |  278.0 |
       Dungeon |    556 |    556 |      0 |      0 |      0 |   2 |  278.0 |
               +--------+--------+--------+--------+--------+-----+--------+

Top non-repeatable levels by time:
     D:1: 456 daAuts
     D:2: 100 daAuts
